 Dungeon Crawl Stone Soup version 0.29.0-4-gdea44cf6ec (webtiles) character file.

Game seed: 4063447164562780340

218 melkoren the Vexing (level 5, -2/28 HPs)
             Began as a Vampire Enchanter on Aug 27, 2022.
             Slain by an orc wizard
             ... wielding a +0 dagger
              (4 damage)
             ... on level 4 of the Dungeon.
             The game lasted 00:22:27 (3752 turns).

melkoren the Vexing (Vampire Enchanter)             Turns: 3752, Time: 00:22:28

Health: -2/28      AC:  0    Str:  3 (7)  XL:     5   Next: 63%
Magic:  1/9        EV: 19    Int: 14 (18) God:
Gold:   187        SH:  0    Dex: 18 (21) Spells: 1/9 levels left

rFire   . . .      SeeInvis +   (weapon currently unavailable)
rCold   + + .      Faith    .   (shield currently unavailable)
rNeg    + + +      Spirit   .   (body armour currently unavailable)
rPois   ∞          Reflect  .   (helmet currently unavailable)
rElec   .          Harm     .   (cloak currently unavailable)
rCorr   .          Rampage  .   (gloves currently unavailable)
Will    +....      Clarity  +   (boots currently unavailable)
Stlth   +++++.....              (no amulet)
HPRegen 0.00/turn               (ring currently unavailable)
MPRegen 0.11/turn               (ring currently unavailable)

@: bat-form, flying, very slightly contaminated, bloodless, inhibited regen,
very quick
A: fast, flying, no casting, tiny, bloodless, fangs 3, see invisible, vampiric
2, clarity, (cold resistance 1), strong-willed 1
a: Revivify, End Transformation


You were on level 4 of the Dungeon.
You were a vampire bat.
You visited 1 branch of the dungeon, and saw 4 of its levels.

You collected 187 gold pieces.

Inventory:

Hand Weapons
 a - a +2 dagger (melded)
 g - a +0 dagger
Armour
 b - a +0 robe (melded)
 d - a +0 helmet (melded)
 h - an orb of guile (melded)
 m - a +0 leather armour
 p - a +0 cloak (melded)
 s - a +0 pair of boots (melded)
Magical Staves
 o - a staff of cold
Jewellery
 j - a ring of willpower (melded)
 l - a +6 ring of dexterity (melded)
Wands
 f - a wand of digging (3)
 q - a wand of polymorph (3)
 t - a wand of flame (23)
Scrolls
 k - a scroll of identify
Potions
 c - 2 potions of invisibility
 e - a potion of curing
 i - a potion of might
 n - 4 potions of heal wounds
 r - a potion of attraction {unknown}


   Skills:
 + Level 2.9 Short Blades
 - Level 2.1 Dodging
 + Level 6.1 Stealth
 + Level 2.8 Spellcasting
 * Level 6.6 Hexes


You had one spell level left.
You knew the following spells:

 Your Spells              Type           Power      Damage    Failure   Level
a - Ensorcelled Hibernat  Hex/Ice        22%        N/A       9%          2
b - Confusing Touch       Hex            20%        N/A       4%          3
c - Dazzling Flash        Conj/Hex       22%        N/A       17%         3

Your spell library contained the following spells:

 Spells                   Type           Power      Damage    Failure   Level
 Necrotise                Necr           8%         1d4       22%         1
 Tukima's Dance           Hex            20%        N/A       4%          3
 Vampiric Draining        Necr           2%         2d6       54%         3
 Agony                    Necr           2%         N/A       99%         5


Dungeon Overview and Level Annotations

Branches:
Dungeon (4/15)
 Temple: D:4-7

Altars:

Annotations:
D:2 1 runed translucent door, Crazy Yiuf
D:4 1 runed translucent door


Innate Abilities, Weirdness & Mutations

You are a vampire bat.
You are tiny and dextrous.
You move quickly.
You are flying.
You are immune to poison.
Your equipment is almost entirely melded.
You are incapable of wielding weapons or throwing items.
You cannot cast spells.
You do not regenerate when monsters are visible.
You are frail without blood (-20% HP).
You can heal yourself when you bite living creatures.
You are immune to poison.
You have razor-sharp teeth.
You have supernaturally acute eyesight. (SInv)
You are afflicted with vampirism and can become a bat while bloodless.
You possess an exceptional clarity of mind.
((Your flesh is cold resistant. (rC+)))
You are strong-willed. (Will+)


Message History

The orc wizard hits you with a +0 dagger.
You closely miss the orc wizard.
The orc wizard is lightly wounded.
The orc hits you with a +0 club.
* * * LOW HITPOINT WARNING * * *
The orc wizard gestures wildly while chanting.
The orc wizard flickers and vanishes for a moment.
You hit the orc wizard.
The orc wizard is heavily wounded.
The orc closely misses you. The orc misses you.
The orc wizard barely misses you.
Casting: Dazzling Flash (quite dangerous; 14% risk of failure)
Confirm with . or Enter, or press ? or * to list all spells.
Aiming: Ensorcelled Hibernation (safe; 8% risk of failure)
Press: ? - help, Shift-Dir - straight line, f - orc
Aim: an orc, wielding a +0 trident (chance to affect: 64%)
You miscast Ensorcelled Hibernation.
You are very lightly contaminated with residual magic.
Nothing appears to happen.
The orc closely misses you. x2
The orc wizard hits you but does no damage.
Casting: Ensorcelled Hibernation (safe; 8% risk of failure)
Confirm with . or Enter, or press ? or * to list all spells.
Aiming: Ensorcelled Hibernation (safe; 8% risk of failure)
Press: ? - help, Shift-Dir - straight line, f/p - orc
Aim: an orc, wielding a +0 trident (chance to affect: 64%)
The orc resists with significant effort.
The orc hits you but does no damage. The orc misses you.
The orc wizard hits you but does no damage.
You turn into a vampire bat.
Your +2 dagger melds into your body.
Your +0 cloak melds into your body.
Your +0 helmet melds into your body.
Your +0 pair of boots melds into your body.
Your orb of guile melds into your body.
Your +0 robe melds into your body.
Your ring of willpower melds into your body.
Your +6 ring of dexterity melds into your body.
You feel clumsy.
You feel weakened.
You feel dopey.
You feel clumsy. The orc hits you with a +0 trident.
* * * LOW HITPOINT WARNING * * *
The orc completely misses you.
The orc wizard hits you with a +0 dagger.
You die...

# #.###.## +.
#.##... ..
#.##..####.## #.
#.##.<.......
#..##.##.#####...
#.$..)...#
##.##.##.###.
#.##.#......
#.$.boo.....
####oo........
###.....##.
#.....# ~~~..~
~~~P~ ~~~♣P ~~~


You could see an orc wizard (invisible) and 3 orcs.

Vanquished Creatures
  Terence (D:3)
  Natasha (thrice) (D:2)
  An orc wizard (D:4)
  3 gnolls (D:3)
  An adder (D:3)
  A worm (D:3)
  A dart slug (D:1)
  2 ball pythons
  8 endoplasms
  A giant cockroach (D:1)
  5 goblins
  4 hobgoblins
  2 jackals (D:1)
  3 quokkas
  6 bats
  A frilled lizard (D:3)
  5 kobolds
  4 rats
52 creatures vanquished.

Vanquished Creatures (others)
  3 fungi (D:2)
  A plant (D:2)
4 creatures vanquished.

Grand Total: 56 creatures vanquished

Notes
Turn   | Place    | Note
-------+----------+-------------------------------------------
     0 | D:1      | melkoren the Vampire Enchanter began the quest for the Orb.
     0 | D:1      | Reached XP level 1. HP: 13/13 MP: 3/3
   298 | D:1      | Reached XP level 2. HP: 15/15 MP: 5/5
   301 | D:1      | Learned a level 2 spell: Ensorcelled Hibernation
   380 | D:1      | Reached skill level 5 in Hexes
   987 | D:1      | Reached skill level 5 in Stealth
  1140 | D:1      | Gained mutation: You are strong-willed. (Will+) [potion of
                  | mutation]
  1140 | D:1      | Gained mutation: You possess an exceptional clarity of
                  | mind. [potion of mutation]
  1140 | D:1      | Gained mutation: Your flesh is cold resistant. (rC+)
                  | [potion of mutation]
  1452 | D:2      | Gained mutation: You are afflicted with vampirism and can
                  | become a bat while bloodless. [Vampire growth]
  1452 | D:2      | Reached XP level 3. HP: 19/19 MP: 3/6
  1595 | D:2      | Found a runed translucent door.
  1596 | D:2      | Noticed Crazy Yiuf
  1738 | D:2      | Noticed Natasha
  1759 | D:2      | Killed Natasha
  1831 | D:2      | Found a faded altar of an unknown god.
  2095 | D:2      | Noticed Natasha
  2105 | D:2      | Killed Natasha
  2106 | D:2      | Reached XP level 4. HP: 24/24 MP: 2/7
  2410 | D:2      | Noticed Natasha
  2421 | D:2      | Killed Natasha
  2545 | D:3      | Noticed Terence
  2552 | D:3      | Killed Terence
  2553 | D:3      | Reached XP level 5. HP: 28/28 MP: 7/9
  3442 | D:3      | Learned a level 3 spell: Confusing Touch
  3446 | D:3      | Learned a level 3 spell: Dazzling Flash
  3736 | D:4      | Found a runed translucent door.
  3752 | D:4      | Slain by an orc wizard

Illustrated notes

Levels and vault maps discovered:
D:1:      eino_arrival_tree_alley, layout_loops_ring
D:2:      layout_rooms, shapermc_ecumenical_altar_hornbeckon, serial_glass,
          glass_columns_c, glass_columns_b, uniq_crazy_yiuf_cottage,
          uniq_natasha
D:3:      layout_loops_ring, uniq_terence
D:4:      layout_loops_ring, grunt_ashenzari_visionary
          [grunt_ashenzari_visionary_shoals, grunt_ashenzari_visionary_snake],
          minmay_temple_entry_proselytizer, serial_bayou, serial_bayou_pond_d,
          serial_bayou_pond_e, serial_bayou_shore_b, serial_bayou_lagoon_a,
          serial_bayou_pond_d, gup_sewer_entry_bubbles,
          ebering_ghost_reflecting_pool

Skill      XL: |  1  2  3  4  5 |
---------------+----------------+-----
Hexes          | 5 6 |  6.6
Stealth        | 5 6 |  6.1
Short Blades   | 2 |  2.9
Dodging        | |  2.1
Spellcasting   | |  2.8

Action                   |  1- 3 |  4- 6 || total
-------------------------+-------+-------++-------
Melee: Dagger            |    56 |    43 ||    99
       Bite              |     5 |     6 ||    11
 Cast: Ensorcelled Hiber |    17 |    13 ||    30
       Dazzling Flash    |       |     1 ||     1
 Abil: Exsanguinate      |     1 |       ||     1
       Bat Form          |       |     2 ||     2
       End Transformatio |       |     1 ||     1
  Use: Potion            |     5 |     1 ||     6
       Scroll            |     6 |     1 ||     7
 Stab: Sleeping          |    21 |    14 ||    35
Armor: Robe              |     7 |    11 ||    18
Dodge: Dodged            |    24 |    37 ||    61
